 Dungeon Crawl Stone Soup version 0.31.0-11-ge490571c62 (webtiles) character file.

Game seed: 7868552505977462512

198 Sobieck the Shooter (level 5, 0/72 HPs)
             Began as a Barachi Hunter on Jan 31, 2024.
             Succumbed to a scorpion's poison
             ... on level 3 of the Dungeon.
             The game lasted 00:04:49 (2688 turns).

Sobieck the Shooter (Barachi Hunter)                Turns: 2688, Time: 00:04:50

Health: 0/72       AC: 22    Str: 12    XL:     5   Next: 77%
Magic:  5/5        EV:  2    Int: 10    God:
Gold:   130        SH:  0    Dex: 17    Spells: 4/4 levels left

rFire   . . .        a - +0 shortbow
rCold   . . .        (shield currently unavailable)
rNeg    . . .        l - melded +1 robe of Lequoth {rC+ Int+3 Dex+2}
rPois   +            (helmet currently unavailable)
rElec   .            (cloak currently unavailable)
rCorr   .            (gloves currently unavailable)
SInv    .            (boots currently unavailable)
Will    .....        (no amulet)
Stlth   ++           (no ring)
HPRegen 0.32/turn    (no ring)
MPRegen 0.09/turn

%: no passive effects
@: brilliant, lethally poisoned (0 -> -1), tree-form, unable to hop
A: stationary, stasis, torment immunity, boosted hp, (amphibious), (slowness 1),
(strong legs 1), +LOS, robust 1
a: no special abilities


You were on level 3 of the Dungeon.
You were a tree.
You visited 1 branch of the dungeon, and saw 4 of its levels.

You collected 130 gold pieces.

Inventory:

Hand Weapons
 a - a +0 shortbow (weapon)
 g - a +1 dagger of electrocution
 q - the +6 quarterstaff of Conflict {pain, rN+ Will+ rCorr Int-4}
   (You found it on level 3 of the Dungeon)

   Int-4:     It affects your intelligence (-4).
   rN+:       It protects you from negative energy.
   Will+:     It increases your willpower.
   rCorr:     It protects you from acid and corrosion.
Armour
 c - a +0 leather armour
 k - a +0 pair of gloves
 l - the +1 robe of Lequoth (melded) {rC+ Int+3 Dex+2}
   (You found it on level 2 of the Dungeon)

   Int+3:     It affects your intelligence (+3).
   Dex+2:     It affects your dexterity (+2).
   rC+:       It protects you from cold.
Scrolls
 b - a scroll of butterflies
 d - 3 scrolls of identify {unknown}
 e - a scroll of teleportation {unknown}
 h - a scroll of enchant armour {unknown}
 j - a scroll of revelation {unknown}
 m - a scroll of enchant weapon {unknown}
Potions
 f - a potion of resistance {unknown}
 n - a potion of mutation
 p - a potion of heal wounds {unknown}
 r - a potion of curing {unknown}
 s - a potion of might {unknown}


   Skills:
 - Level 5.0 Fighting
 + Level 5.7 Ranged Weapons
 - Level 2.1 Dodging
 - Level 0.8 Stealth


You had 4 spell levels left.
You didn't know any spells.
Your spell library contained the following spells:

 Spells                   Type           Power      Damage    Failure   Level
 Apportation              Tloc           0%         N/A       36%         1
 Necrotise                Necr           0%         1d4       36%         1
 Sting                    Conj/Alch      0%         1d3       36%         1
 Summon Small Mammal      Summ           0%         N/A       36%         1
 Scorch                   Fire           0%         2d5       50%         2
 Flame Wave               Conj/Fire      0%         2d4       98%         4
 Summon Cactus Giant      Summ           0%         N/A       100%        6


Dungeon Overview and Level Annotations

Branches:
Dungeon (4/15)
 Temple: D:4-7

Altars:
Gozag

Shops:
D:1 [   D:2 [   D:3 [


Innate Abilities, Weirdness & Mutations

You are a tree.
Your roots penetrate the ground, keeping you stationary.
You cannot be teleported.
You are immune to unholy pain and torment.
Your maximum health is greatly increased.
Your equipment is partially melded.
((You are amphibious.))
((You cover ground slowly.))
((You can hop short distances.))
You have an extended range of vision and can be seen from far away.
You are robust. (+10% HP)


Message History

There is a stone staircase leading down here.
Unknown command.
Unknown command.
Hop to where?
Press: ? - help, Dir - move target Boing!
* * * LOW HITPOINT WARNING * * *
You feel very sick.
Unknown command.
It was a potion of mutation.
You feel extremely strange.
You feel robust.
* * * LOW HITPOINT WARNING * * *
You feel sick.
It was a potion of lignification.
You turn into a tree.
The +1 robe of Lequoth {rC+ Int+3 Dex+2} melds into your body.
Your roots penetrate the ground.
You feel sick.
The scorpion stings you but does no damage.
You are too injured to fight recklessly!
You are too injured to fight recklessly!
You are too injured to fight recklessly!
Fire: a) +0 shortbow
Press: ? - help, Q - select action Shift-Dir - straight line, f - scorpion
Aim: a scorpion (64% to hit)
You shoot an arrow. The arrow barely misses the scorpion.
You feel sick.
The scorpion stings you but does no damage.
Fire: a) +0 shortbow
Press: ? - help, Q - select action Shift-Dir - straight line, f/p - scorpion
Aim: a scorpion (64% to hit)
You shoot an arrow. The arrow hits the scorpion.
The scorpion is moderately wounded.
You feel sick. The scorpion barely misses you.
Fire: a) +0 shortbow
Press: ? - help, Q - select action Shift-Dir - straight line, f/p - scorpion
Aim: a scorpion (moderately wounded, 64% to hit)
You shoot an arrow. The arrow barely misses the scorpion.
You feel sick.
The scorpion stings you but does no damage.
The scorpion stings you.
* * * LOW HITPOINT WARNING * * *
Fire: a) +0 shortbow
Press: ? - help, Q - select action Shift-Dir - straight line, f/p - scorpion
Aim: a scorpion (moderately wounded, 64% to hit)
You shoot an arrow. The arrow barely misses the scorpion.
You feel sick. The scorpion stings you.
* * * LOW HITPOINT WARNING * * *
Unknown command.
It was a potion of brilliance.
You feel clever all of a sudden.
You die...

#...## #... ###..# ####
##.### #. #...# ##.
###.# ##.. ############
#.# #..#
#..........####.####.##
#.......)..............
#.....♣....#####.......
######.s.### ###....#
###.## #.#.P# #..###
##....# ##>..#
###.....# ###.#
#...#.... #.###.###....
#.....# #..## ####..#
#..#.


You could see a scorpion.

Vanquished Creatures
  A bombardier beetle (D:3)
  An orc priest (D:3)
  Jessica (D:2)
  2 gnolls
  3 adders
  5 orcs
  4 ball pythons
  7 endoplasms
  A giant cockroach (D:2)
  8 goblins
  6 hobgoblins
  3 kobolds (D:2)
  2 quokkas
  7 bats
  2 frilled lizards
  7 rats
60 creatures vanquished.

Notes
Turn   | Place    | Note
-------+----------+-------------------------------------------
     0 | D:1      | Sobieck the Barachi Hunter began the quest for the Orb.
     0 | D:1      | Reached XP level 1. HP: 17/17 MP: 1/1
    19 | D:1      | Found Luapsol's Armour Shoppe.
    74 | D:1      | Reached XP level 2. HP: 23/23 MP: 2/2
   190 | D:1      | Reached skill level 3 in Fighting
   708 | D:1      | Reached XP level 3. HP: 18/29 MP: 3/3
   779 | D:2      | Noticed Jessica
   786 | D:2      | Killed Jessica
   789 | D:2      | Reached XP level 4. HP: 37/37 MP: 4/4
   916 | D:2      | Found Ontebref's Antique Armour Emporium.
   963 | D:2      | Identified the +1 robe of Lequoth {rC+ Int+3 Dex+2}
  1715 | D:3      | Reached XP level 5. HP: 42/43 MP: 5/5
  1987 | D:3      | Identified the +6 quarterstaff of Conflict {pain, rN+ Will+
                  | rCorr Int-4}
  2070 | D:3      | Found Yceumy's Armour Shoppe.
  2160 | D:3      | Found a faded altar of an unknown god.
  2259 | D:3      | Found a faded altar of an unknown god.
  2423 | D:3      | Found an opulent altar of Gozag.
  2682 | D:3      | Gained mutation: You are robust. (+10% HP) [potion of
                  | mutation]
  2687 | D:3      | HP: 3/72 [poisoned by a scorpion]
  2687 | D:3      | HP: 1/72 [scorpion (2)]
  2688 | D:3      | Succumbed to a scorpion's poison

Illustrated notes

Levels and vault maps discovered:
D:1:      psy_arrival_whirlpool, layout_loops_ring, serial_shops, shop
D:2:      layout_basic, serial_shops, nicolae_shop_back_alley_shop, uniq_jessica
D:3:      corexii_shack_village, layout_rooms,
          nicolae_overflow_ecumenical_swirl,
          shapermc_ecumenical_altar_starsandcircs, serial_shops, shop,
          nicolae_titane
D:4:      layout_basic, tgw_kikubaaqudgha, serial_shops, shop

Skill      XL: |  1  2  3  4  5 |
---------------+----------------+-----
Fighting       | 3 4 5 |  5.0
Ranged Weapons | 5 |  5.7
Dodging        | |  2.1
Stealth        | |  0.8

Action                     |  1- 3 |  4- 6 || total
---------------------------+-------+-------++-------
   Fire: Shortbow          |    85 |   142 ||   227
Ability: Hop               |     1 |     2 ||     3
    Use: Potion            |       |     3 ||     3
 Armour: Leather armour    |    29 |     4 ||    33
         Robe              |       |    33 ||    33
         Skin              |       |     5 ||     5
  Dodge: Dodged            |    23 |    34 ||    57
